 Dungeon Crawl Stone Soup version 0.29.0-4-gdea44cf6ec (webtiles) character file.

Game seed: 14894023058027515145

53 qw the Ruffian (level 3, 1/1 (36) HPs)
             Began as a Troll Cinder Acolyte on Aug 31, 2022.
             Was a High Priest of Ignis.
             Tarried too long and was consumed by Zot
             ... on level 1 of the Dungeon.
             The game lasted 00:02:43 (15005 turns).

qw the Ruffian (Troll Cinder Acolyte)              Turns: 15005, Time: 00:02:43

HP:   1/1 (36)      AC:  8    Str: 24    XL:     3   Next: 62%
MP:   3/3           EV:  9    Int: 10    God:    Ignis [*****.]
Gold: 108           SH:  0    Dex:  5    Spells: 4/4 levels left

rFire   + . .      SeeInvis .     - Unarmed
rCold   . . .      Faith    .   (no shield)
rNeg    . . .      Spirit   .   a - +0 robe
rPois   .          Reflect  .   (helmet restricted)
rElec   .          Harm     .   (no cloak)
rCorr   .          Rampage  .   (gloves unavailable)
Will    .....                   (boots unavailable)
Stlth   +.........              (no amulet)
HPRegen 0.80/turn               j - +4 ring of protection
MPRegen 0.08/turn               (no ring)

@: extremely drained, bezotted and risking death
A: large, unfitting armour, claws 3, regeneration 1, shaggy fur 1, tough skin 1
a: Renounce Religion, Fiery Armour, Foxfire Swarm, Rising Flame


You were on level 1 of the Dungeon.
You worshipped Ignis.
Ignis was extremely pleased with you.
You visited 1 branch of the dungeon, and saw 2 of its levels.

You collected 108 gold pieces.


Innate Abilities, Weirdness & Mutations

You are too large for most types of armour.
You have claws for hands.
Your natural rate of healing is unusually fast.
You are covered in fur. (AC +1)
You have tough skin. (AC +1)


   Skills:
 - Level 2.4 Fighting
 + Level 4.7 Unarmed Combat
 - Level 1.0 Spellcasting
 - Level 2.1 Fire Magic


You had 4 spell levels left.
You didn't know any spells.
Your spell library contained the following spells:

 Spells                   Type           Power      Damage    Failure   Level
 Scorch                   Fire           8%         2d5       22%         2

Inventory:

Armour
 a - a +0 robe (worn)
Jewellery
 j - a +4 ring of protection (left claw)
Scrolls
 d - a scroll of identify
Potions
 c - a potion of heal wounds
 e - a potion of mutation
 f - a potion of cancellation
 g - a potion of attraction {unknown}

Dungeon Overview and Level Annotations

Branches:
Dungeon (2/15) Zot: 0! You are so drained that the power of Zot will kill you!

Altars:


Message History

There is a stone staircase leading down here.
You see here a +0 leather armour.
There is an escape hatch in the floor here.
Zot draws nearer.
Dive deeper or flee this branch before you perish!
There is a stone staircase leading down here.
You see here 2 poisoned darts.
There is a stone staircase leading down here.
You see here 2 poisoned darts.
You see here a +0 dagger.
You see here a +0 leather armour.
There is an escape hatch in the floor here.
You see here 2 poisoned darts.
There is a stone staircase leading down here.
You see here 2 poisoned darts.
You see here a +0 dagger.
There is a stone staircase leading down here.
You see here a +0 leather armour.
There is an escape hatch in the floor here.
There is a stone staircase leading down here.
You see here 2 poisoned darts.
There is a stone staircase leading down here.
You see here 2 poisoned darts.
You see here a +0 dagger.
You see here a +0 leather armour.
There is an escape hatch in the floor here.
You see here 2 poisoned darts.
There is a stone staircase leading down here.
You see here 2 poisoned darts.
You see here a +0 dagger.
There is a stone staircase leading down here.
You see here a +0 leather armour.
There is an escape hatch in the floor here.
Zot has nearly found you.
Death is approaching.
Descend or flee this branch!
You see here 2 poisoned darts.
There is a stone staircase leading down here.
You see here 2 poisoned darts.
You see here a +0 dagger.
You see here a +0 leather armour.
Zot excises you from existence.
You die...

.......[...............#
..###....#.##......##.##
###...####.###...####.#
###.######.##....# #.#
....####.........####.#
.##...............##..#
###...#.....[......#.##
###...#########....#.#
##...###########@....#
.>.#.##}..#7.7##..#..#####
.###.+....#...##..>......#
## #.##P..#..}###.##.....#
.###.'...<#>._}##........#
...#.##P..#..}#####.[....#
.#...+....#...###........#
.....##}..#7.7##..##.#...#
##...###########.###.....#


There were no monsters in sight!

Vanquished Creatures
  An adder (D:1)
  2 ball pythons
  7 bats
  4 endoplasms
  A giant cockroach (D:2)
  5 goblins
  8 hobgoblins
  A kobold (D:1)
  4 quokkas
  3 rats (D:1)
36 creatures vanquished.

Notes
Turn   | Place    | Note
-------+----------+-------------------------------------------
     0 | D:1      | qw the Troll Cinder Acolyte began the quest for the Orb.
     0 | D:1      | Reached XP level 1. HP: 22/22 MP: 1/1
     0 | D:1      | 0 ||| qw: Version: 0.1-a-97-g2dd2ca4
     0 | D:1      | 0 ||| qw: Game counter: 4607
     0 | D:1      | 0 ||| qw: Always use a shield: true
     0 | D:1      | 0 ||| qw: God list: Okawaru
     0 | D:1      | 0 ||| qw: Allow faded altars: false
     0 | D:1      | 0 ||| qw: Do Orc after D:15 true
     0 | D:1      | 0 ||| qw: Do second Lair branch before Depths: true
     0 | D:1      | 0 ||| qw: Lair rune preference: random
     0 | D:1      | 0 ||| qw: Plans: Normal
     0 | D:1      | 0 ||| PLANNING D:1-11
   124 | D:1      | Reached XP level 2. HP: 29/29 MP: 2/2
   288 | D:1      | Reached skill level 4 in Unarmed Combat
   484 | D:1      | 484 ||| READING scroll labelled UNWEJULEKO.
   485 | D:1      | 485 ||| READING 2 scrolls labelled YPUDAKHL HIDD.
   486 | D:1      | 486 ||| READING scroll labelled VUUT WIFETISOIVYSM.
   490 | D:1      | 490 ||| READING scroll labelled KARPHI ITHRUEHI.
   512 | D:2      | 512 ||| STAIRDANCE
   516 | D:1      | Reached XP level 3. HP: 36/36 MP: 3/3
   586 | D:2      | 586 ||| STAIRDANCE
   591 | D:2      | 591 ||| STAIRDANCE
   662 | D:2      | 662 ||| Stepping ~*~*~tactically~*~*~ (stealth).
   703 | D:2      | 703 ||| Stepping ~*~*~tactically~*~*~ (outnumbered).
   704 | D:2      | 704 ||| Stepping ~*~*~tactically~*~*~ (outnumbered).
   705 | D:2      | 705 ||| Stepping ~*~*~tactically~*~*~ (outnumbered).
   706 | D:2      | 706 ||| Stepping ~*~*~tactically~*~*~ (outnumbered).
   717 | D:2      | 717 ||| Stepping ~*~*~tactically~*~*~ (outnumbered).
   766 | D:2      | 766 ||| Stepping ~*~*~tactically~*~*~ (stealth).
   952 | D:2      | 952 ||| DROPPING ring of flight.
   953 | D:2      | 953 ||| UPGRADING to +4 ring of protection.
   954 | D:2      | 954 ||| READING 2 scrolls labelled CETIVI DEM.
   955 | D:2      | 955 ||| READING 2 scrolls labelled FURGHI NUL NET.
   956 | D:2      | 956 ||| READING scroll labelled ZEAZORR UGIE.
   957 | D:2      | 957 ||| READING 4 scrolls of identify.
   957 | D:2      | 957 ||| IDENTIFYING silvery potion
   958 | D:2      | 958 ||| READING 3 scrolls of identify.
   958 | D:2      | 958 ||| IDENTIFYING brown potion
   959 | D:2      | 959 ||| READING 2 scrolls of identify.
   959 | D:2      | 959 ||| IDENTIFYING fuming orange potion
   960 | D:2      | 960 ||| DROPPING scroll of poison.
   961 | D:2      | 961 ||| DROPPING scroll of magic mapping.
   962 | D:2      | 962 ||| Stepping randomly (stuck).
   963 | D:2      | 963 ||| Stepping ~*~*~tactically~*~*~ (cloud).
  1007 | D:1      | 1007 ||| Stepping randomly (stuck).
 11005 | D:1      | Glimpsed the power of Zot.
 11505 | D:1      | Glimpsed the power of Zot.
 11905 | D:1      | Glimpsed the power of Zot.
 12005 | D:1      | Touched by the power of Zot.
 12006 | D:1      | Glimpsed the power of Zot.
 12506 | D:1      | Glimpsed the power of Zot.
 12906 | D:1      | Glimpsed the power of Zot.
 13005 | D:1      | Touched by the power of Zot.
 13006 | D:1      | Glimpsed the power of Zot.
 13506 | D:1      | Glimpsed the power of Zot.
 13906 | D:1      | Glimpsed the power of Zot.
 14005 | D:1      | Touched by the power of Zot.
 14006 | D:1      | Glimpsed the power of Zot.
 14506 | D:1      | Glimpsed the power of Zot.
 14906 | D:1      | Glimpsed the power of Zot.
 15005 | D:1      | Tarried too long and was consumed by Zot

Levels and vault maps discovered:
D:1:      spicycebolla_arrival_ecumenical, layout_rooms
D:2:      layout_rooms

Skill      XL: |  1  2 |
---------------+-------+-----
Unarmed Combat | 4 |  4.7
Fighting       | |  2.4
Spellcasting   | |  1.0
Fire Magic     | |  2.1

Action                   || total
-------------------------++-------
Melee: Unarmed           ||   101
       Punch             ||     1
  Use: Scroll            ||    10
Armor: Robe              ||    51
Dodge: Dodged            ||    57

Table legend:
 A = Non-vault XP
 B = Vault XP
 C = Vault XP percentage of total XP
 D = Non-vault monster count
 E = Vault monster count
 F = Vault count percentage of total count
                 A         B        C        D         E       F
            +---------+---------+-------+---------+---------+-------
      Total |      76 |       0 |   0.0 |      36 |       0 |   0.0
            +---------+---------+-------+---------+---------+-------
        D:1 |      53 |       0 |   0.0 |      24 |       0 |   0.0
        D:2 |      23 |       0 |   0.0 |      12 |       0 |   0.0
            +---------+---------+-------+---------+---------+-------
